 Dungeon Crawl Stone Soup version 0.19-a0-1821-g42c593c (webtiles) character file.

1456 JeffiDaFish the Covert (level 8, -4/57 HPs)
             Began as a Vampire Enchanter on Oct 6, 2016.
             Slain by Levianaught's ghost (15 damage)
             ... on level 7 of the Dungeon.
             The game lasted 00:32:32 (5922 turns).

JeffiDaFish the Covert (Vampire Enchanter)          Turns: 5922, Time: 00:32:33

Health: -4/57      AC:  3    Str:  9    XL:     8   Next: 47%
Magic:  0/16       EV: 14    Int: 18    God:
Gold:   342        SH:  0    Dex: 14    Spells: 6 memorised, 1 level left

rFire  . . .     SeeInvis +     l - +5 dagger (venom)
rCold  + . .     Gourm    .     b - +1 robe
rNeg   + + .     Faith    .     (no shield)
rPois  +         Spirit   .     (no helmet)
rElec  .         Dismiss  .     (no cloak)
rCorr  .         Reflect  .     (no gloves)
MR     .....     Harm     .     (no boots)
Stlth  +++++.....               (no amulet)
                                m - ring of ice
                                p - ring of fire

@: regenerating slowly
A: fangs 3, see invisible, blink, high mp 1, unbreathing, MP-powered wands
a: Bat Form, Blink


You were on level 7 of the Dungeon.
You were thirsty.

You visited 2 branches of the dungeon, and saw 8 of its levels.

You collected 342 gold pieces.

Inventory:

Hand Weapons
 a - a +1 dagger
 k - a +2 rapier of venom
 l - a +5 dagger of venom (weapon)
Armour
 b - a +1 robe (worn)
Jewellery
 m - a ring of ice (right hand)
 p - a ring of fire (left hand)
Wands
 n - a wand of flame (35/48)
 q - a wand of digging (9/24)
 r - a wand of flame (23/48)
 u - a wand of lightning (8/15)
 v - a wand of polymorph (12/24)
 w - a wand of digging (15/24)
Scrolls
 g - 3 scrolls of recharging
 h - 3 scrolls of amnesia
 j - 4 scrolls of teleportation
 s - 3 scrolls of remove curse
 x - 2 scrolls of identify
Potions
 d - 5 potions of blood
 e - a potion of haste
 o - a potion of flight
 t - a potion of might
Books
 c - a book of Maledictions

   Spells                             Type                      Level
   a - Corona                         Hexes                        1
   b - Ensorcelled Hibernation        Hexes/Ice                    2
   c - Confuse                        Hexes                        3
   d - Tukima's Dance                 Hexes                        3
   e - Dazzling Spray                 Conjuration/Hexes            3
 i - a book of Necromancy

   Spells                             Type                      Level
   a - Pain                           Necromancy                   1
   b - Animate Skeleton               Necromancy                   1
   c - Vampiric Draining              Necromancy                   3
   d - Regeneration                   Charms/Necromancy            3
   e - Animate Dead                   Necromancy                   4
   f - Control Undead                 Necromancy                   4
 y - a book of Geomancy

   Spells                             Type                      Level
   a - Sandblast                      Earth                        1
   b - Passwall                       Transmutation/Earth          2
   c - Stone Arrow                    Conjuration/Earth            3
   d - Petrify                        Transmutation/Earth          4
   e - Lee's Rapid Deconstruction     Earth                        5
Comestibles
 f - a royal jelly


   Skills:
 + Level 2.4 Fighting
 + Level 3.4 Short Blades
 + Level 4.0 Dodging
 + Level 9.0 Stealth
 * Level 4.4 Spellcasting
 + Level 6.4 Hexes
 * Level 4.0 Necromancy
 + Level 2.8 Ice Magic


You had one spell level left.
You knew the following spells:

 Your Spells              Type           Power        Failure   Level  Hunger
a - Corona                Hex            ####...      1%          1    None
b - Ensorcelled Hibernat  Hex/Ice        ####..       3%          2    #......
c - Confuse               Hex            ####....     2%          3    ###....
d - Animate Skeleton      Necr           N/A          2%          1    None
e - Animate Dead          Necr           N/A          28%         4    ####...
f - Dazzling Spray        Conj/Hex       ###...       14%         3    ###....


Dungeon Overview and Level Annotations

Branches:
Dungeon (7/15)             Temple (1/1) D:5

Altars:
Cheibriados
Fedhas
Gozag
Hepliaklqana
Kikubaaqudgha
Makhleb
Nemelex Xobeh
Okawaru
Qazlal
Sif Muna
Trog
Uskayaw
Vehumet
Xom
Yredelemnul
Zin
The Shining One

Shops:
D:5 ?

Annotations:
D:7 Levianaught's ghost, novice GrBe


Innate Abilities, Weirdness & Mutations

You heal slowly.
You have razor-sharp teeth.
You have supernaturally acute eyesight. (SInv)
You can survive without breathing.
You can translocate small distances at will.
You have an increased reservoir of magic. (+10% MP)
You expend magic power (3 MP) to strengthen your wands.


Message History

Your iguana skeleton barely misses Levianaught's ghost.
Levianaught's ghost hits you!
You barely miss Levianaught's ghost.
Levianaught's ghost is almost destroyed.
Your iguana skeleton closely misses Levianaught's ghost.
Levianaught's ghost hits you!!
* * * LOW HITPOINT WARNING * * *
Casting: Confuse
Confirm with . or Enter, or press ? or * to list all spells.
Aiming: Confuse
Press: ? - help, Shift-Dir - straight line, f/p - Levianaught's ghost
Aim: Levianaught's ghost (almost destroyed, chance to defeat MR: 23%) Levianaught's ghost resists with almost no effort.
Levianaught's ghost misses you.
You barely miss Levianaught's ghost.
Levianaught's ghost is severely damaged.
You closely miss Levianaught's ghost. Your bite misses Levianaught's ghost.
Levianaught's ghost is severely damaged.
Levianaught's ghost hits you!
You die...

........####..........#
...........#....(.(...#
.......^##.......)....#
#.......####....()....#
##......# ##..........#
##.##.#.# #.(........##
##..#...###.#........##
....##............>...#
##..##.)......ZW@.....#
#.....................#
.......)..............#
#.....................#
#.#....>#####........##
. #.....# ##......##
......#.# ########
..###.#.# .. #.#.#


You could see Levianaught's ghost and a friendly iguana skeleton.

Vanquished Creatures
  A hippogriff (D:7)
  Sigmund (D:3)
  A black bear (D:7)
  A sky beast (D:4)
  A phantom (D:2)
  An ogre (D:5)
  A bullfrog (D:6)
  A crimson imp (D:7)
  A bullfrog zombie (D:6)
  A quasit (D:6)
  2 orc priests (D:4)
  A centaur skeleton (D:4)
  2 hounds
  An iguana (D:7)
  Jessica (D:3)
  2 orc wizards (D:4)
  Natasha (thrice) (D:4)
  6 worker ants
  A hound skeleton (D:6)
  A hound zombie (D:6)
  A worker ant zombie (D:5)
  5 adders
  2 oozes
  An adder zombie (D:5)
  An adder skeleton (D:4)
  3 worms
  2 dart slugs
  5 leopard geckos
  12 orcs
  A ball python (D:1)
  5 bats
  7 giant cockroaches
  4 goblins
  4 hobgoblins
  7 jackals
  5 kobolds
  A quokka (D:2)
  7 frilled lizards
  6 rats
109 creatures vanquished.

Vanquished Creatures (collateral kills)
  An orc (D:7)
1 creature vanquished.

Vanquished Creatures (others)
  A wizard (D:6)
1 creature vanquished.

Grand Total: 111 creatures vanquished

Notes
Turn   | Place    | Note
-------+----------+-------------------------------------------
     0 | D:1      | JeffiDaFish the Vampire Enchanter began the quest for the Orb.
     0 | D:1      | Reached XP level 1. HP: 13/13 MP: 3/3
   223 | D:1      | Reached skill level 5 in Stealth
   350 | D:1      | Reached XP level 2. HP: 19/19 MP: 5/5
   354 | D:1      | You fall through a shaft!
   635 | D:2      | Reached skill level 6 in Stealth
   635 | D:2      | Reached XP level 3. HP: 24/24 MP: 6/6
   643 | D:2      | Learned a level 2 spell: Ensorcelled Hibernation
   647 | D:2      | Learned a level 3 spell: Confuse
  1606 | D:2      | Noticed a phantom
  1614 | D:2      | Killed a phantom
  1614 | D:2      | Reached skill level 5 in Hexes
  1614 | D:2      | Reached XP level 4. HP: 28/31 MP: 0/7
  1614 | D:2      | Reached XP level 5. HP: 32/36 MP: 0/8
  1813 | D:3      | Found a basalt altar of Yredelemnul.
  1845 | D:3      | Noticed Sigmund
  1847 | D:3      | Killed Sigmund
  1847 | D:3      | Reached skill level 1 in Fighting
  1847 | D:3      | Reached skill level 7 in Stealth
  1847 | D:3      | Reached XP level 6. HP: 43/43 MP: 8/10
  1998 | D:3      | Reached skill level 1 in Ice Magic
  2004 | D:3      | Noticed Jessica
  2011 | D:3      | Killed Jessica
  2011 | D:3      | Reached skill level 8 in Stealth
  2064 | D:3      | Found an ancient bone altar of Kikubaaqudgha.
  2066 | D:3      | Found a hide-covered altar of Uskayaw.
  2228 | D:3      | Found a shimmering altar of Xom.
  2295 | D:3      | Learned a level 1 spell: Animate Skeleton
  2333 | D:3      | Found a snail-covered altar of Cheibriados.
  2621 | D:3      | Found a sparkling altar of Nemelex Xobeh.
  2720 | D:4      | Noticed a sky beast
  2730 | D:4      | Killed a sky beast
  2815 | D:4      | Reached skill level 1 in Necromancy
  2971 | D:4      | Found a burning altar of Makhleb.
  3194 | D:4      | Gained mutation: You expend magic power (3 MP) to strengthen your wands. [potion of mutation]
  3194 | D:4      | Gained mutation: You can translocate small distances at will. [potion of mutation]
  3194 | D:4      | Gained mutation: You have an increased reservoir of magic. (+10% MP) [potion of mutation]
  3236 | D:4      | Reached XP level 7. HP: 48/48 MP: 13/13
  3344 | D:4      | Found a radiant altar of Vehumet.
  3348 | D:4      | Noticed Natasha
  3352 | D:4      | Killed Natasha
  3536 | D:4      | Noticed Natasha
  3556 | D:4      | Killed Natasha
  3856 | D:4      | Noticed Natasha
  3952 | D:4      | Killed Natasha
  4255 | D:5      | Entered Level 5 of the Dungeon
  4280 | D:5      | Learned a level 4 spell: Animate Dead
  4311 | D:5      | Found an iron altar of Okawaru.
  4555 | D:5      | Found a staircase to the Ecumenical Temple.
  4559 | D:5      | Found Ocihug's Magic Scroll Shop.
  4587 | Temple   | Entered the Ecumenical Temple
  5075 | D:6      | Reached XP level 8. HP: 41/56 MP: 12/15
  5409 | D:6      | Found a bloodstained altar of Trog.
  5410 | D:6      | Noticed a wizard
  5416 | D:6      | Killed a wizard
  5652 | D:7      | Noticed a hippogriff
  5671 | D:7      | Killed a hippogriff
  5672 | D:7      | Noticed Levianaught's ghost (novice GrBe)
  5733 | D:7      | Reached skill level 9 in Stealth
  5854 | D:7      | Learned a level 3 spell: Dazzling Spray
  5922 | D:7      | Slain by Levianaught's ghost

Vault maps used:
D:1:      matt_arrival_spirals
D:2:      first_bread
D:3:      lemuel_coloured_pillars_altar, nicolae_overflow_hidden_temple,
          minmay_misc_feat_alley, kennysheep_slug_shrine, uniq_jessica,
          uniq_sigmund
D:4:      vehumet_altar_wand_db, marbit_many_paths, kennysheep_boxes,
          uniq_natasha
D:5:      okawaru_ov_weapons_minmay, serial_shops, shop_scrolls,
          serial_bayou_pond_c
D:6:      serial_curves, eino_curves_01, eino_curves_03, eino_curves_01,
          grunt_ministairs_2, trog_wizard
D:7:      lemuel_flame_loot_1
Temple:   jpeg_temple_island

Skill      XL: |  1  2  3  4  5  6  7  8 |
---------------+-------------------------+-----
Stealth        | 5 6 7 8 9 |  9.0
Hexes          | 5 6 |  6.4
Fighting       | 1 2 |  2.4
Short Blades   | 2 3 |  3.4
Dodging        | 3 4 |  4.0
Ice Magic      | 1 2 |  2.8
Spellcasting   | 3 4 |  4.4
Necromancy     | 1 3 4 |  4.0

Action                   |  1- 3 |  4- 6 |  7- 9 || total
-------------------------+-------+-------+-------++-------
Melee: Dagger            |    77 |    52 |   161 ||   290
       Bite              |     8 |     4 |     7 ||    19
       Rapier            |       |     2 |       ||     2
 Cast: Confuse           |     4 |     4 |    17 ||    25
       Ensorcelled Hiber |     4 |     2 |     9 ||    15
       Animate Skeleton  |       |     4 |     7 ||    11
       Animate Dead      |       |       |     1 ||     1
 Abil: Blink             |       |       |     1 ||     1
       End Transformatio |       |       |     1 ||     1
       Bat Form          |       |       |     1 ||     1
  Use: Scroll            |     7 |     2 |     2 ||    11
       Potion            |     6 |     8 |    13 ||    27
 Stab: Sleeping          |    11 |    14 |    11 ||    36
       Distracted        |     1 |       |     2 ||     3
       Confused          |     4 |     3 |     4 ||    11
Armor: Robe              |    13 |     3 |    24 ||    40
Dodge: Dodged            |    27 |    15 |    88 ||   130
